[Event "*** Titled Tuesday Blitz"]
[Site "Chess.com"]
[Date "2021.03.02"]
[Round "3"]
[White "Supernotar"]
[Black "Genghis_K"]
[Result "1/2-1/2"]
[WhiteElo "2684"]
[BlackElo "2921"]
[TimeControl "180+1"]
[EndTime "10:28:45 PST"]
[Termination "Game drawn by repetition"]

1. d4 Nf6 2. c4 e6 3. Nf3 c5 4. d5 exd5 5. cxd5 Bd6 6. Nc3 O-O 7. g3 Re8 8. Bg2 Bc7 9. O-O d6 10. Nd2 Nbd7 11. b3 a6 12. a4 Rb8 13. Bb2 b5 14. axb5 axb5 15. e4 Ne5 16. Qc2 h5 17. h3 Ng6 18. Rae1 h4 19. g4 Nf4 20. Nf3 b4 21.
Ne2 Nxe2+ 22. Rxe2 Ba6 23. Rfe1 Bxe2 24. Rxe2 Nd7 25.
Bc1 Ra8 26. Bg5 Ra1+ 27. Kh2 Qa8 28. Nxh4 Bd8 29. Bxd8 Qxd8 30. Nf5 Qf6 31. f4 g5 32.
e5 dxe5 33. fxg5 Qxg5 34. Rf2 e4 35. Bxe4 Ne5 36. d6 Ng6 37. Bd5 Rc1 38. d7 Rd8 39. Qe4 Rxd7 40. Qe8+ Nf8 41. Bxf7+ Rxf7 42. Nh6+ Qxh6 43. Qxf7+ Kh8 44. Qxf8+ Qxf8 45. Rxf8+ Kg7 46. Rf3 Rc3 47. Kg3 Rxf3+ 48. Kxf3 c4 49. Ke3 c3 50. Kd3 Kf6 51. Kc2 Kg5 52. Kd3 Kh4 53. Kc2 Kg5 54.
Kd3 Kh4 55. Kc2 Kg5 1/2-1/2

[Event "*** Titled Tuesday Blitz"]
[Site "Chess.com"]
[Date "2021.03.02"]
[Round "3"]
[White "m_ezat"]
[Black "gumimis"]
[Result "0-1"]
[WhiteElo "2518"]
[BlackElo "2291"]
[TimeControl "180+1"]
[EndTime "10:28:45 PST"]
[Termination "gumimis won on time"]

1. d4 Nf6 2. c4 c5 3. d5 b6 4.
Nc3 g6 5. e4 d6 6. f4 Bg7 7. Nf3 O-O 8. Bd3 e6 9. O-O exd5 10.
cxd5 Bb7 11. a4 Nbd7 12. a5 bxa5 13. Bb5 Nb6 14. Kh1 a6 15. Bd3 Re8 16. Bc2 Rb8 17. f5 Ba8 18. fxg6 hxg6 19. Ng5 Nc4 20. Ra2 Re7 21. Bd3 Ne5 22. Bxa6 c4 23. Be3 Nfg4 24. Bf4 Qb6 25. Bxc4 Nf2+ 26. Rxf2 Qxf2 27. Bg3 Qe3 28. Bxe5 Bxe5 29. Nf3 Bxc3 30. bxc3 Qxe4 31. Bd3 Qxd5 32. Rd2 Qc5 33. h3 Qxc3 34. Rc2 Qf6 35. Rf2 Qc3 36.
Bf1 Qb4 0-1

[Event "*** Titled Tuesday Blitz"]
[Site "Chess.com"]
[Date "2021.03.02"]
[Round "3"]
[White "AryanTari"]
[Black "Thjop"]
[Result "0-1"]
[WhiteElo "2892"]
[BlackElo "2673"]
[TimeControl "180+1"]
[EndTime "10:28:46 PST"]
[Termination "Thjop won on time"]

1. Nf3 Nf6 2. c4 g6 3. b3 Bg7 4.
Bb2 d6 5. d4 O-O 6. g3 c5 7. Bg2 Qa5+ 8. Qd2 Qxd2+ 9. Nbxd2 Nc6 10. d5 Na5 11. a3 b6 12. b4 Nb7 13. O-O Bf5 14. Nh4 Bd7 15. b5 a6 16. a4 Ra7 17.
e4 Rfa8 18. Nb3 axb5 19. axb5 Rxa1 20. Rxa1 Rxa1+ 21. Bxa1 Ne8 22. Bxg7 Nxg7 23. f4 f6 24. Nf3 Kf7 25. Kf2 Bg4 26. Nfd2 Bd7 27. Nb1 Ke8 28. Nc3 Kd8 29. Bf3 Kc7 30. g4 g5 31.
fxg5 fxg5 32. Kg3 Nd8 33. Nc1 Nf7 34. Nd3 h6 35. h4 Ne8 36. hxg5 hxg5 37. e5 dxe5 38. Be4 Nf6 39. Bg6 e4 40. Nf2 Ne5 41.
Bxe4 Nexg4 0-1

[Event "*** Titled Tuesday Blitz"]
[Site "Chess.com"]
[Date "2021.03.02"]
[Round "3"]
[White "bakki78"]
[Black "serhanberat_ozdemir"]
[Result "1-0"]
[WhiteElo "2781"]
[BlackElo "2526"]
[TimeControl "180+1"]
[EndTime "10:28:46 PST"]
[Termination "bakki78 won on time"]

1. e4 c5 2. Nf3 e6 3. g3 d5 4. exd5 exd5 5. d4 Nf6 6. Bg2 Nc6 7. O-O Be7 8. dxc5 Bxc5 9. Bg5 O-O 10. Nc3 Be6 11. Qd3 h6 12. Bxf6 Qxf6 13. Nxd5 Bxd5 14.
Qxd5 Bb6 15. c3 Rad8 16. Qb5 Rfe8 17. a4 Ne5 18. Nd4 a6 19. Qb3 Re7 20. Rad1 Red7 21. a5 Bxd4 22. Rxd4 Rxd4 23. cxd4 Rxd4 24. Qxb7 Rd2 25. b4 Rb2 26. Qc8+ Kh7 27. Qc3 Ng4 28. Qxf6 Nxf6 29. Ra1 Rxb4 30. Bf1 Kg8 31. Bxa6 Kf8 32. Bf1 Rb7 33. a6 Ra7 34. Rb1 Ke7 35.
Rb8 Kd6 36. h4 Ne4 37. Rg8 Nc5 38. Rxg7 Nxa6 39. Bxa6 Rxa6 40. Rxf7 Ke6 41. Rf4 Ra5 42.
Kg2 h5 43. Rf8 Ke5 44. Rg8 Kf6 45. Rg5 Rxg5 46. hxg5+ Kxg5 47. Kh3 1-0

[Event "*** Titled Tuesday Blitz"]
[Site "Chess.com"]
[Date "2021.03.02"]
[Round "3"]
[White "A-S-00"]
[Black "hellokostya"]
[Result "0-1"]
[WhiteElo "2390"]
[BlackElo "2577"]
[TimeControl "180+1"]
[EndTime "10:28:46 PST"]
[Termination "hellokostya won by resignation"]

1. d4 Nf6 2. c4 g6 3. Nf3 Bg7 4. Nc3 O-O 5. e4 d6 6. Be2 c6 7. O-O e5 8. dxe5 dxe5 9. Qxd8 Rxd8 10. Bg5 Re8 11. Nd2 Na6 12. f3 Nc5 13. Be3 Ne6 14.
Nb3 Bf8 15. Rad1 Nd7 16. Na4 Be7 17. g3 h5 18. Kg2 Kg7 19. f4 h4 20. Bg4 Nf6 21.
Bf3 exf4 22. gxf4 h3+ 23. Kh1 Rh8 24. f5 Nf8 25. e5 Bxf5 26. exf6+ Bxf6 27. Bd4 Ne6 28. Bxf6+ Kxf6 29. Bg4 Rh4 30. Bxf5 gxf5 31. Nac5 Rxc4 32.
Nxb7 Rc2 33. Nd6 Rxb2 34. Rxf5+ Kg6 35. Rg1+ Rg2 36. Rgf1 Ng5 37. Rf6+ Kh5 38. Nxf7 Nxf7 39. Rxf7 Rag8 40. Rh7+ Kg6 41. Rh4 Rxa2 42. Rg4+ Kh7 43. Rxg8 Kxg8 44. Rc1 Rb2 45. Nd4 c5 46. Ne6 c4 47.
Nf4 c3 48. Nd3 Rd2 49. Nb4 a5 50. Nc6 c2 51. Kg1 Rd1+ 0-1

[Event "*** Titled Tuesday Blitz"]
[Site "Chess.com"]
[Date "2021.03.02"]
[Round "3"]
[White "NateSolon"]
[Black "stasiek18"]
[Result "1-0"]
[WhiteElo "2590"]
[BlackElo "2397"]
[TimeControl "180+1"]
[EndTime "10:28:47 PST"]
[Termination "NateSolon won on time"]

1. d4 d6 2. e4 Nf6 3. Nc3 g6 4.
f4 Bg7 5. Bd3 O-O 6. Nf3 Nc6 7.
O-O Bg4 8. Be2 Nd7 9. Be3 Bxf3 10. Bxf3 e5 11. fxe5 dxe5 12. d5 Nd4 13. Qd2 c6 14. Rad1 Qb6 15. b3 Nc5 16. Kh1 a5 17. Qf2 a4 18.
Ne2 axb3 19. c3 Rxa2 20. cxd4 exd4 21. Bxd4 Bxd4 22. Qxd4 Nd7 23. dxc6 Qxd4 24. Nxd4 bxc6 25. Nxb3 Ne5 26. Nc5 Rb8 27. Nd7 Nxd7 28. Rxd7 Rbb2 29. Rc7 Rf2 30. Kg1 Rxf1+ 31. Kxf1 Rc2 32. h4 h5 33. Kg1 Kg7 34. e5 Rc1+ 35. Kh2 Re1 36. Rxc6 Rxe5 37. Kg3 Ra5 38. Rc7 Re5 39. Rd7 Ra5 40. Bd5 Ra3+ 41. Kh2 Ra4 42. Rxf7+ Kh6 43. g3 Rd4 44. Bg2 Rd2 45. Kh3 Rd3 46. Rb7 Rc3 47. Rb6 1-0

[Event "*** Titled Tuesday Blitz"]
[Site "Chess.com"]
[Date "2021.03.02"]
[Round "3"]
[White "GregShahade"]
[Black "Fortitudine"]
[Result "1-0"]
[WhiteElo "2641"]
[BlackElo "2336"]
[TimeControl "180+1"]
[EndTime "10:28:47 PST"]
[Termination "GregShahade won by checkmate"]

1. e4 c5 2. Nf3 d6 3. d4 cxd4 4. Nxd4 Nf6 5. Nc3 Nc6 6. f3 e5 7. Nb3 a5 8. Bb5 Be7 9. Be3 O-O 10. Qd2 Be6 11. Rd1 Qc7 12. O-O Rfd8 13. Nd5 Bxd5 14. exd5 Nb8 15. c4 a4 16. Nc1 Nbd7 17. Ne2 Nc5 18. Nc3 Rf8 19. Qf2 Nfd7 20. f4 exf4 21.
Bxf4 Bf6 22. Qg3 Be5 23. Kh1 Bxf4 24. Qxf4 Ne5 25. Qf5 Qc8 26. Qxc8 Rfxc8 27. Rb1 g6 28. Rf6 Rd8 29. Kg1 Kg7 30. Rff1 f5 31. Ne2 Rdc8 32. Nd4 Ne4 33. Rfd1 Nxc4 34. Bd7 Rcb8 35. Rbc1 Ne5 36. Rc7 Kh6 37. Bb5 Rc8 38. Rdc1 Rxc7 39. Rxc7 Rf8 40.
Rxb7 f4 41. Ne6 Rf6 42. Be2 f3 43. gxf3 Nxf3+ 44. Bxf3 Rxf3 45. Rb4 Nd2 46. Rh4# 1-0

[Event "*** Titled Tuesday Blitz"]
[Site "Chess.com"]
[Date "2021.03.02"]
[Round "3"]
[White "Taktikmonster"]
[Black "night_player"]
[Result "1-0"]
[WhiteElo "2382"]
[BlackElo "2186"]
[TimeControl "180+1"]
[EndTime "10:28:47 PST"]
[Termination "Taktikmonster won on time"]

1. e4 c5 2. Nf3 Nc6 3. d4 cxd4 4.
Nxd4 e5 5. Nb5 d6 6. N1c3 a6 7.
Na3 b5 8. Nd5 Nce7 9. c4 bxc4 10.
Bxc4 Nxd5 11. Qxd5 Be6 12. Qc6+ Bd7 13. Qd5 Be6 14. Qd3 Nf6 15. Be3 Be7 16. O-O O-O 17.
Rfd1 Ng4 18. Bxe6 fxe6 19. Nc4 Rc8 20. Nxd6 Bxd6 21. Qxd6 Qxd6 22. Rxd6 Nxe3 23. fxe3 Rc2 24. Rf1 Rxb2 25. Rxa6 Rxf1+ 26. Kxf1 Kf7 27. Ra7+ Kf6 28. a4 Ra2 29. a5 h6 30. a6 g6 31. Ra8 Kg5 32. a7 h5 33. Ke1 Kh4 34. Kd1 g5 35. Kc1 g4 36. Kb1 Ra6 37. Kc2 Ra2+ 38. Kb3 Ra6 39. Kc4 Ra3 40. Kc5 Ra1 41. Kd6 Ra6+ 42.
Kxe5 Ra5+ 43. Kxe6 Ra6+ 44. Kf5 Ra5+ 45. e5 Ra6 46. e6 Ra5+ 47. Kf6 Ra1 48. e7 1-0

[Event "*** Titled Tuesday Blitz"]
[Site "Chess.com"]
[Date "2021.03.02"]
[Round "3"]
[White "SilviusTiberius"]
[Black "Fy_Rakotomaharo"]
[Result "0-1"]
[WhiteElo "2518"]
[BlackElo "2751"]
[TimeControl "180+1"]
[EndTime "10:28:48 PST"]
[Termination "Fy_Rakotomaharo won by resignation"]

1. e4 e5 2. Nf3 Nc6 3. Bb5 a6 4.
Ba4 Bc5 5. O-O Nge7 6. Nxe5 Nxe5 7. d4 b5 8. Bb3 Bxd4 9. Qxd4 d6 10. f4 c5 11. Qd2 N5c6 12. c3 O-O 13. Rd1 Qb6 14. Qf2 Rd8 15. Be3 Qc7 16. Nd2 Rb8 17. Nf3 c4 18. Bc2 f5 19. Qh4 h6 20. Nd4 Nxd4 21. Bxd4 fxe4 22. Bxe4 Nf5 23. Bd5+ Kh8 24. Qh5 Nxd4 25. Rxd4 Bb7 26. Re1 Qc5 27. Re6 Bxd5 28.
Qxd5 Qxd5 29. Rxd5 b4 30. Rdxd6 Rxd6 31. Rxd6 bxc3 32.
bxc3 Rb1+ 33. Kf2 Rb2+ 34. Kf3 Rxa2 35. Rc6 Ra4 36. Ke4 Ra2 37. Kf3 Ra4 38. f5 Kg8 39. Rc7 a5 40. g4 Ra1 41. h4 a4 42. g5 hxg5 43. hxg5 a3 44. Rxc4 a2 45. Rc8+ Kf7 46. Rc7+ Ke8 47. f6 Rf1+ 48. Ke4 a1=Q 0-1

[Event "*** Titled Tuesday Blitz"]
[Site "Chess.com"]
[Date "2021.03.02"]
[Round "3"]
[White "AntonovaNadezhda"]
[Black "AniJak"]
[Result "1-0"]
[WhiteElo "2138"]
[BlackElo "2332"]
[TimeControl "180+1"]
[EndTime "10:28:48 PST"]
[Termination "AntonovaNadezhda won on time"]

1. d4 d5 2. Nf3 Nf6 3. e3 Bg4 4. h3 Bxf3 5. Qxf3 e6 6. Bd3 Nbd7 7. Qd1 Ne4 8. Nd2 f5 9. O-O Bd6 10. c4 c6 11. Nf3 O-O 12. Qc2 Rc8 13. Rb1 Qf6 14.
b4 e5 15. dxe5 Nxe5 16. Nxe5 Qxe5 17. g3 dxc4 18. Bxc4+ Kh8 19. Bb2 Qe7 20. a3 Rce8 21.
Rbd1 h5 22. Qe2 Qg5 23. h4 Qg6 24. Qf3 Be7 25. Kh2 Bf6 26. Bd4 Bxd4 27. Rxd4 Nf6 28.
Rfd1 Ng4+ 29. Kg2 Ne5 30. Qf4 Qf6 31. Rd6 Qe7 32. Re6 Qc7 33. Red6 Qe7 34. Bb3 Ng4 35. Qf3 Kh7 36. Rd7 Qf6 37. Qf4 Ne5 38. R1d6 Nxd7 39.
Rxf6 Rxf6 40. Qg5 g6 41. Qf4 Ne5 42. Qd4 1-0

[Event "*** Titled Tuesday Blitz"]
[Site "Chess.com"]
[Date "2021.03.02"]
[Round "3"]
[White "publicaccountcze"]
[Black "jens1102"]
[Result "0-1"]
[WhiteElo "2212"]
[BlackElo "2411"]
[TimeControl "180+1"]
[EndTime "10:28:49 PST"]
[Termination "jens1102 won on time"]

1. d4 Nf6 2. c4 e6 3. Nc3 c5 4. e3 Nc6 5. Nf3 d5 6. a3 cxd4 7. Nxd4 Be7 8. cxd5 Nxd5 9. Nxc6 bxc6 10. Be2 Nxc3 11. Qxd8+ Bxd8 12. bxc3 e5 13. Bf3 Bd7 14.
O-O Ba5 15. c4 f5 16. Bb2 Bc7 17. g3 O-O 18. Rfd1 Rad8 19. Rxd7 Rxd7 20. Bxc6 Rd2 21. Bd5+ Kh8 22. Bc3 Rc2 23. Bb4 Rd8 24. Be7 Re8 25.
Bc5 Rd8 26. Bxa7 Bd6 27. Bb6 Rb8 28. Ba5 Rbb2 29. Bb4 Bb8 30. Rf1 Ba7 31. c5 Bxc5 32. Bxc5 Rxc5 33. Be6 g6 34. Rd1 Rcc2 35. Rf1 Kg7 36. Bd7 e4 37. a4 Ra2 38. Kg2 h5 39. Bb5 Kf6 40. h3 Kg5 41. Kg1 h4 42. Kg2 Rcb2 43. gxh4+ Kxh4 44. Kg1 Kxh3 45. Bd7 Kg4 46. Kg2 g5 47. Kh2 Rxf2+ 48. Kg1 Rg2+ 0-1

[Event "*** Titled Tuesday Blitz"]
[Site "Chess.com"]
[Date "2021.03.02"]
[Round "3"]
[White "Piccadilly123"]
[Black "PowerThinking2650"]
[Result "1/2-1/2"]
[WhiteElo "2258"]
[BlackElo "2454"]
[TimeControl "180+1"]
[EndTime "10:28:50 PST"]
[Termination "Game drawn - insufficient material"]

1. e4 e5 2. Nf3 Nc6 3. d4 exd4 4. Bc4 Nf6 5. e5 d5 6. Bb5 Ne4 7. Nxd4 Bc5 8. O-O Bd7 9. Bxc6 bxc6 10. f3 Ng5 11.
Be3 O-O 12. f4 Ne4 13. Nd2 Nxd2 14. Qxd2 Bb6 15. Nb3 Qe7 16. a4 a5 17. Qf2 f6 18.
Bxb6 cxb6 19. Qxb6 fxe5 20. fxe5 Qxe5 21. Qd4 Qxd4+ 22. Nxd4 c5 23. Nb3 c4 24. Rxf8+ Kxf8 25. Nd4 Ke7 26. Kf2 Rb8 27. b3 cxb3 28. Nxb3 Rc8 29.
Ra2 Kd6 30. Nxa5 Ra8 31. Nb3 Bxa4 32. Ke3 Re8+ 33. Kd4 Re4+ 34. Kd3 Bb5+ 35. Kc3 Re2 36.
Nd4 Rxg2 37. Nxb5+ Ke5 38. Ra7 h5 39. Nd4 h4 40.
Nf3+ Kf4 41. Nxh4 Rxh2 42. Ng6+ Ke3 43. Rxg7 d4+ 44. Kb3 Rg2 45. Re7+ Kd2 46. Nf4 Rg3+ 47. Kb2 Rc3 48. Re2+ Kd1 49. Rh2 Rc8 50. Rh1+ Kd2 51. Rh2+ Kd1 52. Rh3 Rxc2+ 53. Kb3 Rc3+ 54. Rxc3 dxc3 55.
Kxc3 1/2-1/2

[Event "*** Titled Tuesday Blitz"]
[Site "Chess.com"]
[Date "2021.03.02"]
[Round "3"]
[White "Kapibara_Warri0r"]
[Black "Oglob71"]
[Result "1-0"]
[WhiteElo "2215"]
[BlackElo "2389"]
[TimeControl "180+1"]
[EndTime "10:28:50 PST"]
[Termination "Kapibara_Warri0r won by checkmate"]

1. d4 Nf6 2. c4 e6 3. Nc3 Bb4 4. e3 O-O 5. Bd2 b6 6. Nge2 Bb7 7.
Ng3 d5 8. cxd5 exd5 9. Rc1 a6 10.
Bd3 Re8 11. O-O Bf8 12. Re1 Nbd7 13. e4 dxe4 14. Ncxe4 Nxe4 15. Bxe4 Bxe4 16. Nxe4 Qh4 17. Bg5 Qxe4 18. Rxe4 Rxe4 19. Be3 c5 20. d5 Rae8 21. Qa4 Nf6 22. Qc6 Ng4 23. d6 R8e6 24. Rd1 Nf6 25. Qxb6 Rb4 26. Qxa6 Rxb2 27. Bxc5 h5 28. g3 Ne4 29. d7 Nxc5 30. Qa3 Nxd7 31. Qxb2 Ne5 32. Qb8 Nc6 33. Qa8 g5 34. Rc1 Ne5 35. a4 Kg7 36.
a5 g4 37. a6 Nf3+ 38. Kg2 Ba3 39. Ra1 Bb2 40. Rb1 Bd4 41. a7 Re2 42. Rf1 Ra2 43.
Qe4 Rxa7 44. Qf5 Re7 45. Qxh5 Re4 46. Qf5 Nd2 47. Rd1 Re2 48. Qxg4+ Kf6 49. Qxe2 Bc3 50. Rxd2 Bxd2 51. Qxd2 Kg6 52. Qf4 f5 53. h4 Kf6 54. h5 Ke6 55. Qg5 Ke5 56. h6 Ke4 57.
f3+ Kd3 58. Qxf5+ Ke2 59. h7 Ke3 60. Qe4+ Kd2 61. h8=Q Kc1 62. Qc3+ Kd1 63. Qee1# 1-0

[Event "*** Titled Tuesday Blitz"]
[Site "Chess.com"]
[Date "2021.03.02"]
[Round "3"]
[White "EvgenyT"]
[Black "Abund"]
[Result "1-0"]
[WhiteElo "2924"]
[BlackElo "2675"]
[TimeControl "180+1"]
[EndTime "10:28:55 PST"]
[Termination "EvgenyT won on time"]

1. Nf3 d6 2. e4 e5 3. d4 Nd7 4. Bc4 c6 5. O-O Be7 6. Re1 Ngf6 7. Bf1 O-O 8. c4 Qc7 9. Nc3 Re8 10. g3 Bf8 11. Bg2 a6 12. d5 c5 13.
Nh4 g6 14. f4 exf4 15. gxf4 Bg7 16. Nf3 b5 17. e5 Nh5 18. e6 Nb6 19. f5 Nxc4 20. Ng5 Bd4+ 21. Kh1 f6 22. Nge4 Ng7 23. fxg6 hxg6 24. Qg4 f5 25. Qxg6 fxe4 26. Nxe4 Bxe6 27. dxe6 Rxe6 28. Qg3 Rae8 29. Bf4 Qe7 30. Bg5 Qf7 31. Rf1 Qg6 32. Nc3 Nf5 33. Qf4 Nfe3 34. Bd5 Nxf1 35.
Rxf1 Ne3 36. Bxe6+ Qxe6 37. Rg1 Kh7 38. Qh4+ Kg8 39.
Bf6+ Ng4 40. Rxg4+ Kf7 41. Rg7+ Kf8 42. Qh8+ 1-0

[Event "*** Titled Tuesday Blitz"]
[Site "Chess.com"]
[Date "2021.03.02"]
[Round "3"]
[White "guillembaches"]
[Black "platy3"]
[Result "0-1"]
[WhiteElo "2458"]
[BlackElo "2826"]
[TimeControl "180+1"]
[EndTime "10:28:55 PST"]
[Termination "platy3 won on time"]

1. e4 e5 2. Nf3 Nc6 3. Nc3 Nf6 4.
d4 exd4 5. Nxd4 Bb4 6. Nxc6 bxc6 7. Bd3 O-O 8. O-O d5 9. Bd2 Bg4 10. f3 Bh5 11. e5 Nd7 12. Qe1 Nc5 13. f4 f5 14. a3 Bxc3 15. Bxc3 Ne6 16. h3 c5 17. b3 Bg6 18. Qf2 Qd7 19. Rad1 Rad8 20. Kh2 c6 21.
Be1 Qe7 22. Qd2 Bh5 23. Rb1 c4 24. Be2 c3 25. Qd3 Bxe2 26. Qxe2 d4 27. b4 Qd7 28. Bh4 Rc8 29. g4 Qd5 30. Rf2 Qe4 31. Re1 Qxe2 32. Rexe2 Rf7 33. Kg3 c5 34. bxc5 Rxc5 35.
Re1 Rb5 36. Rff1 Rb2 37. Rb1 Rxc2 38. Rb8+ Rf8 39. Rfb1 Rd2 40. gxf5 c2 41. fxe6 cxb1=Q 42. Rxb1 Rd3+ 43. Kg4 Re8 44. f5 Re3 45. Kf4 Rxh3 46.
Bf2 d3 47. Rb7 Rh2 0-1

[Event "*** Titled Tuesday Blitz"]
[Site "Chess.com"]
[Date "2021.03.02"]
[Round "3"]
[White "RaphCamora"]
[Black "Marty435"]
[Result "0-1"]
[WhiteElo "2355"]
[BlackElo "2547"]
[TimeControl "180+1"]
[EndTime "10:28:55 PST"]
[Termination "Marty435 won on time"]

1. e4 c6 2. d4 d5 3. e5 Bf5 4. Nd2 e6 5. Nb3 a6 6. Nf3 c5 7.
dxc5 Bxc5 8. Nxc5 Qa5+ 9. c3 Qxc5 10. Be3 Qc7 11. Be2 Ne7 12. O-O Nbc6 13. Re1 Bg4 14.
Bd4 Bxf3 15. Bxf3 Nxd4 16. cxd4 Rc8 17. Qa4+ Qd7 18. Qb3 O-O 19. Be2 Nf5 20. Red1 Rc7 21. Bd3 Ne7 22. Rac1 Rfc8 23. Rxc7 Rxc7 24. h4 Nc6 25.
Bb1 g6 26. h5 Qe7 27. Qf3 Qh4 28. hxg6 hxg6 29. g3 Qg5 30. Kg2 Kg7 31. Rh1 Nxd4 32.
Qa3 Qxe5 33. Qa5 Nc6 34. Qd2 Kf6 35. Rh7 Nd4 36. Qh6 Nf5 37. Bxf5 Qxf5 38. Qg7+ Ke7 39. Rh8 Qe4+ 40. Kh2 Rc1 41. Qf8+ Kf6 42. Qd8+ Kf5 43. g4+ Qxg4 44. Qf6+ Kxf6 0-1

[Event "*** Titled Tuesday Blitz"]
[Site "Chess.com"]
[Date "2021.03.02"]
[Round "3"]
[White "Matensien"]
[Black "ApoIogiA"]
[Result "1-0"]
[WhiteElo "2499"]
[BlackElo "2213"]
[TimeControl "180+1"]
[EndTime "10:28:55 PST"]
[Termination "Matensien won by resignation"]

1. Nf3 Nf6 2. c4 g6 3. d4 Bg7 4. g3 O-O 5. Bg2 d5 6. cxd5 Nxd5 7. O-O Nb6 8. Nc3 Nc6 9. d5 Na5 10. Qc2 c6 11. dxc6 Nxc6 12. Rd1 Qe8 13. Bf4 e5 14. Be3 Bf5 15. Qc1 Rd8 16. Bc5 Ne7 17. h3 Rc8 18. Bxb6 axb6 19. Qe3 Rc5 20. b4 Rxc3 21. Qxc3 e4 22. Nd4 Nc6 23. e3 Nxd4 24. exd4 Qd7 25. g4 Be6 26. Bxe4 Bd5 27. Qf3 Rd8 28. Bxd5 Qxd5 29. Qxd5 Rxd5 30. Rac1 Bxd4 31. Rc8+ Kg7 32. Kg2 Rd6 33. Rc7 h5 34. Rxb7 hxg4 35. hxg4 Kf6 36. f4 g5 37. f5 Ke5 38. Re7+ Kf4 39. a4 f6 40. Re6 Rd5 41. Rxb6 Rd8 42. Rc6 Ke3 43. Rc4 Rd5 44. Rcxd4 Rxd4 45. Rxd4 Kxd4 46. Kf3 Kc4 47. a5 Kb5 48. Ke4 Ka6 49. Kd5 Kb5 50.
Ke6 Ka6 51. Kxf6 Kb5 52. Kxg5 Ka6 1-0

[Event "*** Titled Tuesday Blitz"]
[Site "Chess.com"]
[Date "2021.03.02"]
[Round "3"]
[White "Fraler15"]
[Black "zverr1"]
[Result "1-0"]
[WhiteElo "2281"]
[BlackElo "2468"]
[TimeControl "180+1"]
[EndTime "10:28:55 PST"]
[Termination "Fraler15 won by resignation"]

1. e4 f5 2. exf5 Nf6 3. Nc3 d5 4. d4 Bxf5 5. Nf3 e6 6. Bd3 Be7 7. O-O O-O 8. Re1 Re8 9. Ne2 Ne4 10. Ng3 Nxg3 11. hxg3 Bf6 12. Qe2 Nc6 13. c3 Bxd3 14.
Qxd3 Qd6 15. Bf4 e5 16. dxe5 Nxe5 17. Nxe5 Bxe5 18. Rxe5 Rxe5 19. Qd4 Rae8 20. Bxe5 Qxe5 21. Qxa7 b6 22. Qb7 h5 23. Rd1 Rd8 24. Qc6 Kh7 25. Qb5 h4 26. Qd3+ Kh8 27. gxh4 c6 28. g3 Rf8 29. Qe3 Qf6 30. Qxb6 Qf3 31. Rf1 Qe2 32. Qc5 Rf3 33. Qb6 Rd3 34. a4 Rd2 35. a5 Rxb2 36.
Qd8+ Kh7 37. Qg5 Ra2 38. h5 Rxa5 39. Qg6+ Kh8 40. h6 Ra7 41. hxg7+ Rxg7 42. Qe8+ Kh7 43.
Qxe2 1-0

[Event "*** Titled Tuesday Blitz"]
[Site "Chess.com"]
[Date "2021.03.02"]
[Round "3"]
[White "Walter_White_Poland"]
[Black "anskam"]
[Result "1-0"]
[WhiteElo "2299"]
[BlackElo "1758"]
[TimeControl "180+1"]
[EndTime "10:28:55 PST"]
[Termination "Walter_White_Poland won on time"]

1. e4 c5 2. Nf3 d6 3. d4 cxd4 4. Nxd4 Nf6 5. Nc3 a6 6. Bg5 Nbd7 7. f4 Qc7 8. Qd2 e6 9. O-O-O Be7 10. Bd3 b5 11. f5 e5 12. Nf3 Bb7 13. Rhe1 O-O-O 14. Kb1 Nb6 15. Bxf6 Bxf6 16. a3 Kb8 17. Bf1 Nc4 18. Bxc4 Qxc4 19. Nd5 Bxd5 20. Qxd5 Qc7 21. Re3 Rd7 22.
Rc3 Qb7 23. Qxb7+ Kxb7 24. Rd5 Rc8 25. Rxc8 Kxc8 26. g4 h6 27. b3 Kb7 28. Kb2 Kc6 29. c3 g6 30. Kc2 Be7 31. Kd3 g5 32. c4 f6 33. Nd2 Rb7 34. Nb1 bxc4+ 35. Kxc4 Rb5 36.
Nc3 Rc5+ 37. Rxc5+ dxc5 38. Nd5 Bd8 39. Ne3 a5 40. Nd5 Kd6 41. Kb5 a4 42. bxa4 c4 43. Kxc4 Ba5 44. Kb5 Bd8 45. a5 1-0

[Event "*** Titled Tuesday Blitz"]
[Site "Chess.com"]
[Date "2021.03.02"]
[Round "3"]
[White "LEGENYA1998"]
[Black "ehrenfeld"]
[Result "0-1"]
[WhiteElo "2252"]
[BlackElo "2509"]
[TimeControl "180+1"]
[EndTime "10:28:56 PST"]
[Termination "ehrenfeld won by resignation"]

1. e4 e5 2. Nf3 Nc6 3. g3 Nf6 4. Nc3 Bb4 5. d3 Bxc3+ 6. bxc3 d6 7. Bg2 O-O 8. h3 Ne7 9. O-O Ng6 10. a4 c6 11. c4 Re8 12. Nh2 h6 13. f4 exf4 14. gxf4 Nh4 15. f5 Nxg2 16. Kxg2 d5 17. cxd5 cxd5 18.
exd5 Qxd5+ 19. Qf3 Re2+ 20. Rf2 Rxf2+ 21. Kxf2 Qxf3+ 22.
Nxf3 Bxf5 23. Rb1 b6 24. Kg3 Rc8 25. Nd4 Bd7 26. a5 bxa5 27. Rb7 Ba4 28. Rxa7 Bxc2 29.
Rxa5 Bxd3 30. Ba3 Bg6 31. Ra7 Nd5 32. Kf2 Rc3 33. h4 Rd3 34. Nc6 Rh3 35. Ne7+ Nxe7 36.
Ra8+ Kh7 37. Bxe7 Be4 38. Ra7 Kg6 39. Bd8 f6 40. Be7 Kh5 41. Bf8 g5 42. hxg5 hxg5 43. Ra6 Rf3+ 44. Kg1 Kg4 45. Be7 f5 46. Rg6 Rg3+ 47. Kf2 Kh4 48. Rg8 f4 49. Rh8+ Kg4 50.
Rg8 Kf5 51. Rf8+ Ke6 52. Bd8 Rg2+ 53. Kf1 f3 54. Rg8 g4 55. Bg5 Bd3+ 56. Ke1 f2+ 0-1

[Event "*** Titled Tuesday Blitz"]
[Site "Chess.com"]
[Date "2021.03.02"]
[Round "3"]
[White "PawnEatingZombie"]
[Black "agartha01"]
[Result "0-1"]
[WhiteElo "2198"]
[BlackElo "2497"]
[TimeControl "180+1"]
[EndTime "10:28:56 PST"]
[Termination "agartha01 won on time"]

1. d4 d5 2. c4 c6 3. Nc3 Nf6 4. e3 e6 5. Nf3 Nbd7 6. Qc2 Be7 7.
Bd3 dxc4 8. Bxc4 b5 9. Bd3 Bb7 10. e4 h6 11. O-O a6 12. e5 Nd5 13. Nxd5 cxd5 14. Ne1 Rc8 15. Qe2 Qb6 16. Be3 Nb8 17. f4 g6 18. Nf3 Nc6 19. g4 Nb4 20. f5 Nxd3 21. Qxd3 gxf5 22. gxf5 exf5 23. Kh1 f4 24. Bxf4 Qg6 25. Qxg6 fxg6 26. Rac1 Rxc1 27. Bxc1 Bc8 28. Ne1 Bf5 29. Kg1 Kd7 30. Bf4 Be4 31. Ng2 g5 32.
Bg3 Rc8 33. Ne3 Ke6 34. Kf2 h5 35. h3 g4 36. hxg4 h4 37. Bh2 Bg5 38. Ke2 h3 39. Rf2 b4 40. Nf5 Rc2+ 41. Ke1 Rc1+ 42. Ke2 Rb1 0-1

[Event "*** Titled Tuesday Blitz"]
[Site "Chess.com"]
[Date "2021.03.02"]
[Round "3"]
[White "InitiatingASC"]
[Black "Funo09"]
[Result "0-1"]
[WhiteElo "2438"]
[BlackElo "2731"]
[TimeControl "180+1"]
[EndTime "10:28:57 PST"]
[Termination "Funo09 won by resignation"]

1. d4 Nf6 2. c4 Nc6 3. Nf3 d6 4. Nc3 e5 5. dxe5 Nxe5 6. Nxe5 dxe5 7. Qxd8+ Kxd8 8. e3 c6 9. Be2 Kc7 10. O-O Be6 11.
Rd1 Bb4 12. Bd2 a5 13. Be1 Rhd8 14. f3 h5 15. Kf2 Nd7 16. Na4 Be7 17. Rac1 b6 18.
Bd2 Nc5 19. Nxc5 Bxc5 20. Bc3 f6 21. b3 Ba3 22. Rxd8 Rxd8 23. Rd1 Rh8 24. f4 exf4 25. exf4 Bc5+ 26. Bd4 Bb4 27. Be3 Bf5 28. Bd3 Be6 29. h3 h4 30. Be4 Bc8 31. f5 Re8 32. Bf4+ Kb7 33. Kf3 Bc5 34. Rd3 g6 35. Rd2 gxf5 36. Bc2 Be6 37. Re2 Re7 38. Bc1 b5 39. cxb5 Bd5+ 40.
Kf4 Rxe2 41. bxc6+ Kxc6 42. Bxf5 Rxg2 43. Bg4 Rf2+ 44. Bf3 Rxf3+ 0-1

[Event "*** Titled Tuesday Blitz"]
[Site "Chess.com"]
[Date "2021.03.02"]
[Round "3"]
[White "Stouuf"]
[Black "kingofthenil"]
[Result "0-1"]
[WhiteElo "2622"]
[BlackElo "2851"]
[TimeControl "180+1"]
[EndTime "10:28:58 PST"]
[Termination "kingofthenil won by checkmate"]

1. e4 Nc6 2. Nf3 d5 3. exd5 Qxd5 4. Nc3 Qh5 5. Nb5 Kd8 6. d4 Bg4 7. Nc3 Nf6 8. Be2 e6 9. Be3 Kc8 10. Qd2 Bb4 11. a3 Qa5 12. O-O Bxc3 13. bxc3 Ne4 14. Qd3 Nxc3 15. Bd2 Nxe2+ 16. Qxe2 Bxf3 17. gxf3 Nxd4 18. Bxa5 Nxe2+ 19. Kg2 Rd8 20. Rfe1 Nd4 21. Rac1 b6 22. Bc3 Kb7 23. Re4 Nf5 24. a4 a5 25. f4 Rd5 26.
Kf3 Rad8 27. Rg1 Rc5 28. Bxg7 Rxc2 29. Bf6 Rdd2 30. Rf1 Ra2 31. Be5 h5 32. h3 Rd3+ 33. Kg2 Rda3 34. Rc1 c5 35. Rd1 Kc6 36. Rd8 Nh4+ 37. Kg1 Rxa4 38. Re3 R4a3 39. Rd6+ Kb7 40. Rd7+ Ka6 41. Re4 f5 42. Rc4 Nf3+ 43. Kg2 Ne1+ 44. Kg1 Nd3 45. Bb8 Nxf2 46. Rc1 Nxh3+ 47. Kh1 Nf2+ 48.
Kg1 Rb3 49. Ra7+ Kb5 50. Bc7 Ne4 51. Rb7 Rg3+ 52. Kf1 Rf2+ 53. Ke1 Rg1# 0-1